 Dungeon Crawl Stone Soup version 0.25-a0-290-g4a1327ee3a (webtiles) character file.

Game seed: 3355720278694338357, levelgen mode: deterministic

42 LabCoat the Skirmisher (level 3, -3/33 HPs)
             Began as a Hill Orc Fighter on Dec 14, 2019.
             Slain by Sigmund
             ... wielding a +0 scythe
              (12 damage)
             ... on level 2 of the Dungeon.
             The game lasted 00:05:53 (1042 turns).

LabCoat the Skirmisher (Hill Orc Fighter)           Turns: 1042, Time: 00:05:54

Health: -3/33      AC:  6    Str: 19    XL:     3   Next: 54%
Magic:  3/3        EV:  7    Int:  8    God:
Gold:   31         SH: 10    Dex: 10    Spells: 2/2 levels left

rFire    . . .     SeeInvis .   a - +0 war axe
rCold    . . .     Gourm    .   c - +1 shield
rNeg     . . .     Faith    .   b - +0 scale mail
rPois    .         Spirit   .   (no helmet)
rElec    .         Reflect  .   (no cloak)
rCorr    .         Harm     .   (no gloves)
MR       .....                  (no boots)
Stlth    ..........             (no amulet)
HPRegen  0.11/turn              (no ring)
MPRegen  0.08/turn              (no ring)

@: no status effects
A: no striking features
a: no special abilities


You were on level 2 of the Dungeon.
You were not hungry.

You visited 1 branch of the dungeon, and saw 2 of its levels.

You collected 31 gold pieces.

Inventory:

Hand Weapons
 a - a +0 war axe (weapon)
Armour
 b - a +0 scale mail (worn)
 c - a +1 shield (worn)
Scrolls
 j - a scroll of identify {unknown}
Potions
 d - 2 potions of might
 i - a potion of cancellation {unknown}
 k - a potion of haste {unknown}
Comestibles
 f - 3 rations


   Skills:
 + Level 4.0 Fighting
 * Level 3.8 Axes
 + Level 3.6 Armour
 + Level 3.7 Shields


You had 2 spell levels left.
You didn't know any spells.
Your spell library was empty.

Dungeon Overview and Level Annotations

Branches:
Dungeon (2/15)

Altars:

Annotations:
D:2 Sigmund


Message History

You barely miss the giant cockroach.
The giant cockroach is moderately wounded.
The giant cockroach bites you but does no damage.
You block the giant cockroach's attack. Something hits you but does no damage.
You slash the giant cockroach!
You kill the giant cockroach!
You block the goblin's attack. Something hits you but does no damage.
You miss the goblin. You block the goblin's attack. Something hits you!
You slash the goblin!
You kill the goblin!
The goblin hits you but does no damage.
You barely miss the goblin. Something hits you.
The goblin hits you but does no damage.
You closely miss the goblin. Something hits you. The goblin barely misses you.
You barely miss the goblin. You block the goblin's attack. Something hits you!
* * * LOW HITPOINT WARNING * * *
The goblin hits you but does no damage.
Your shield and scale mail prevent you from hitting the goblin.
Something hits you!
You die...

#.####
#....# .....
...# #..#
### #..#
#....
#..###......
#...@g......
#<.###{##.##
#..# # ....#
......
#.###..## #
#..# #..#
....


You could see a goblin.

Vanquished Creatures
  An ooze (D:2)
  A dart slug (D:1)
  A leopard gecko (D:1)
  4 giant cockroaches
  3 goblins
  4 hobgoblins (D:1)
  5 jackals (D:1)
  2 kobolds (D:1)
  3 bats
  2 frilled lizards (D:1)
  5 rats (D:1)
31 creatures vanquished.

Notes
Turn   | Place    | Note
-------+----------+-------------------------------------------
     0 | D:1      | LabCoat the Hill Orc Fighter began the quest for the Orb.
     0 | D:1      | Reached XP level 1. HP: 19/19 MP: 1/1
    95 | D:1      | Reached XP level 2. HP: 19/27 MP: 2/2
   441 | D:1      | Reached skill level 4 in Fighting
   441 | D:1      | Reached XP level 3. HP: 20/33 MP: 3/3
  1021 | D:2      | Noticed Sigmund
  1042 | D:2      | Slain by Sigmund

Levels and vault maps discovered:
D:1:      mrwooster_arrival_statue, layout_basic, st_stairs_9
D:2:      layout_loops_ring, minmay_tromino_v7, uniq_sigmund

Skill      XL: |  1  2 |
---------------+-------+-----
Axes           | 3 |  3.8
Fighting       | 4 |  4.0
Armour         | |  3.6
Shields        | |  3.7

Action                   || total
-------------------------++-------
Melee: War axe           ||   123
  Use: Scroll            ||     3
       Potion            ||     2
  Eat: Chunk             ||     1
Armor: Scale mail        ||    64
Dodge: Dodged            ||    38
Block: Shield            ||    88

Table legend:
 A = Non-vault XP
 B = Vault XP
 C = Vault XP percentage of total XP
 D = Non-vault monster count
 E = Vault monster count
 F = Vault count percentage of total count
                 A         B        C        D         E       F
            +---------+---------+-------+---------+---------+-------
      Total |      58 |       2 |   3.3 |      29 |       2 |   6.5
            +---------+---------+-------+---------+---------+-------
        D:1 |      46 |       2 |   4.2 |      25 |       2 |   7.4
        D:2 |      12 |       0 |   0.0 |       4 |       0 |   0.0
            +---------+---------+-------+---------+---------+-------
